 Dungeon Sprint DCSS version 0.29.1-12-g30fa7ad0bf (webtiles) character file.

Game seed: 579986457528958390

374 boopmooplesden the Spear-Bearer (level 6, -5/100 HPs)
             Began as a Minotaur Berserker on Dec 15, 2022.
             Was a High Priest of Trog.
             Slain by a shadow wraith (6 damage)
             ... in the Dungeon (Sprint VII: "The Pits").
             The game lasted 00:00:56 (428 turns).

boopmooplesden the Spear-Bearer (Minotaur Berserker) Turns: 428, Time: 00:00:56

Health: -5/100     AC: 12    Str: 24    XL:     6   Next: 43%
Magic:  5/5        EV:  9    Int:  4    God:    Trog [*****.]
Gold:   0          SH:  0    Dex:  9    Spells: 5/5 levels left

rFire   . . .      SeeInvis .   l - +2 trident (vorpal)
rCold   . . .      Faith    .   (no shield)
rNeg    . . .      Spirit   .   m - +3 chain mail
rPois   .          Reflect  .   (helmet restricted)
rElec   .          Harm     .   (no cloak)
rCorr   .          Rampage  .   (no gloves)
Will    .....      NoTele   +   (no boots)
Stlth   ..........              (no amulet)
HPRegen 0.26/turn               (no ring)
MPRegen 0.09/turn               (no ring)

@: berserking, slowed
A: horns 2, retaliatory headbutt
a: Renounce Religion, Berserk, Trog's Hand, Brothers in Arms


You were in the Dungeon.
You worshipped Trog.
Trog was extremely pleased with you.
You visited 1 branch

Inventory:

Hand Weapons
 a - a +0 spear
 i - a +2 trident
 l - a +2 vorpal trident (weapon)
Armour
 b - a +0 animal skin
 m - a +3 chain mail (worn)
Scrolls
 h - a scroll of blinking
 k - a scroll of summoning
Potions
 c - 6 potions of curing
 d - 6 potions of heal wounds
 e - a potion of haste
 f - 4 potions of magic
 g - 3 potions of berserk rage
 j - 2 potions of invisibility


   Skills:
 + Level 10.7 Fighting
 + Level 11.3 Polearms
 + Level 5.2 Armour
 + Level 5.8 Dodging


You had 5 spell levels left.
You didn't know any spells.
Your spell library was empty.

Dungeon Overview and Level Annotations

Branches:
Dungeon (1/1)

Altars:


Innate Abilities, Weirdness & Mutations

You have a pair of horns on your head.
You reflexively headbutt those who attack you in melee.


Message History

As you open the door, it creaks loudly!
A quasit comes into view.
You hit the quasit.
The quasit is lightly wounded.
The quasit barely misses you.
The quasit claws you but does no damage. x2
You hit the quasit.
The quasit is heavily wounded.
The quasit bites you but does no damage.
The quasit claws you but does no damage. x2
You hit the quasit. You headbutt the quasit.
You kill the quasit!
Trog accepts your kill.
There is an open door here.
You open the door.
You hear a chilling moan.
Deactivating autopickup; reactivate with Ctrl-A.
You closely miss something. Something hits you!! Something drains your vigour!
You feel yourself slow down.
You hit something. Your headbutt misses something.
Something hits you but does no damage.
You barely miss something. Your headbutt misses something. Something hits you!
Something drains your vigour!
You feel as though you will be slow longer.
You barely miss something. Your headbutt misses something. Something hits you.
You closely miss something. Something hits you!
* * * LOW HITPOINT WARNING * * *
A red film seems to cover your vision as you go berserk!
You feel yourself moving faster!
You feel mighty! Something hits you!
* * * LOW HITPOINT WARNING * * *
Something drains your vigour!
You feel as though you will be slow longer.
You miss something. You headbutt something.
Something hits you but does no damage.
You miss something. You headbutt something. Something hits you!
* * * LOW HITPOINT WARNING * * *
Something drains your vigour!
You feel as though you will be slow longer.
You closely miss something. You headbutt something!! Something hits you.
You die...

#†#...)))..##.......#
#'###########.......#
#.......# #########
#.......# #...#...#
#..###..#+#
#...#...#.+
#.......#{#
#.......'@#
###########


There were no monsters in sight!

Vanquished Creatures
  A floating eye (D)
  An ice beast (D)
  A sky beast (D)
  A quasit (D)
  A jelly (D)
  A gnoll (D)
  A white imp (D)
  An ufetubus (D)
  An orc (D)
  3 ball pythons (D)
  2 endoplasms (D)
  A hobgoblin (D)
  A quokka (D)
  A rat (D)
17 creatures vanquished.

Notes
Turn   | Place    | Note
-------+----------+-------------------------------------------
     0 | D        | boopmooplesden the Minotaur Berserker began the quest for
                  | the Orb.
     0 | D        | Reached XP level 1. HP: 19/19 MP: 0/0
    13 | D        | Reached skill level 4 in Polearms
    13 | D        | Reached XP level 2. HP: 12/28 MP: 1/1
   189 | D        | Reached skill level 5 in Fighting
   192 | D        | Reached ** piety under Trog
   193 | D        | Reached skill level 5 in Polearms
   283 | D        | Reached *** piety under Trog
   284 | D        | Reached skill level 6 in Polearms
   284 | D        | Reached XP level 3. HP: 37/38 MP: 2/2
   342 | D        | Noticed a floating eye
   342 | D        | Noticed a sky beast
   342 | D        | Noticed an ice beast
   344 | D        | Reached **** piety under Trog
   344 | D        | Paralysed by a floating eye for 2 turns
   348 | D        | Paralysed by a floating eye for 2 turns
   353 | D        | Killed a sky beast
   354 | D        | Reached skill level 8 in Polearms
   354 | D        | Reached XP level 4. HP: 49/49 MP: 3/3
   354 | D        | Reached XP level 5. HP: 56/56 MP: 4/4
   354 | D        | Paralysed by a floating eye for 2 turns
   357 | D        | Killed a floating eye
   358 | D        | Reached skill level 10 in Polearms
   358 | D        | Reached skill level 5 in Dodging
   360 | D        | Killed an ice beast
   361 | D        | Reached skill level 10 in Fighting
   361 | D        | Reached skill level 5 in Armour
   361 | D        | Reached XP level 6. HP: 67/67 MP: 5/5
   366 | D        | Reached ***** piety under Trog
   367 | D        | Reached skill level 11 in Polearms
   427 | D        | HP: 1/100 [something (7)]
   428 | D        | Slain by a shadow wraith

Illustrated notes

Levels and vault maps discovered:
D:        pitsprint [storerooms_1, entrance_room_1, metal_vault_5, armoury_3,
          mini_pit_1, grid_room_1, main_hall_1, silver_pit, the_coven_1,
          the_vestibule_1, steel_vault_5, golden_pit, hallway_of_sentries,
          crystal_vault_1, iron_vault_3, final_vault]

Skill      XL: |  1  2  3  4  5  6 |
---------------+-------------------+-----
Fighting       | 4 6 8 10 | 10.7
Polearms       | 4 6 8 10 11 | 11.3
Armour         | 3 4 5 |  5.2
Dodging        | 3 4 5 |  5.8

Action                   |  1- 3 |  4- 6 || total
-------------------------+-------+-------++-------
Melee: Spear             |     3 |       ||     3
       Punch             |     4 |       ||     4
       Headbutt          |     3 |     6 ||     9
       Trident           |    17 |    20 ||    37
Invok: Berserk           |     1 |     1 ||     2
Armor: Animal skin       |     2 |       ||     2
       Chain mail        |     4 |     8 ||    12
Dodge: Dodged            |     9 |     2 ||    11
